 Dungeon Crawl Stone Soup version 0.30-a0-986-g7f2e898f52 (webtiles) character file.

Game seed: 3173141275794079615

45 DeathPants the Digger (level 3, -1/18 HPs)
             Began as a Vine Stalker Earth Elementalist on Apr 1, 2023.
             Slain by a worm (8 damage)
             ... on level 2 of the Dungeon.
             The game lasted 00:04:09 (1451 turns).

DeathPants the Digger (VSEE)                        Turns: 1451, Time: 00:04:10

Health: -1/18      AC:  2    Str: 10    XL:     3   Next: 64%
Magic:  0/8        EV: 12    Int: 15    God:
Gold:   76         SH:  0    Dex: 16    Spells: 3/7 levels left

rFire   . . .      SeeInvis .    d - +0 short sword
rCold   . . .      Faith    .    (no shield)
rNeg    . . .      Spirit   +    a - +0 robe
rPois   .          Reflect  .    (no helmet)
rElec   .          Rampage  .    (no cloak)
rCorr   .                        (no gloves)
Will    .....                    (no boots)
Stlth   ++                       (no amulet)
HPRegen 0.23/turn                (no ring)
MPRegen 0.11/turn                (no ring)

@: no status effects
A: fangs 2, magic shield, antimagic bite, no potion heal 2
a: no special abilities


You were on level 2 of the Dungeon.
You visited 1 branch of the dungeon, and saw 3 of its levels.

You collected 76 gold pieces.

Inventory:

Hand Weapons
 d - a +0 short sword (weapon)
Armour
 a - a +0 robe (worn)
Jewellery
 k - a ring of see invisible
Scrolls
 f - a scroll of identify {unknown}
 h - 3 scrolls of teleportation {unknown}
 i - a scroll of immolation {unknown}
 j - a scroll of poison {unknown}
Potions
 b - a potion of magic
 c - a potion of attraction {unknown}
 e - a potion of haste {unknown}
 g - 3 potions of curing {unknown}


   Skills:
 + Level 1.1 Fighting
 - Level 1.5 Dodging
 - Level 2.4 Stealth
 + Level 2.8 Spellcasting
 + Level 0.2 Conjurations
 + Level 1.7 Transmutations
 + Level 3.4 Earth Magic


You had 3 spell levels left.
You knew the following spells:

 Your Spells              Type           Power      Damage    Failure   Level
a - Sandblast             Erth           24%        2d8       4%          1
b - Stone Arrow           Conj/Erth      14%        3d7       28%         3

Your spell library contained the following spells:

 Spells                   Type           Power      Damage    Failure   Level
 Passwall                 Tmut/Erth      7%         N/A       11%         2
 Inner Flame              Hex/Fire       2%         N/A       52%         3
 Petrify                  Tmut/Erth      9%         N/A       56%         4
 Cause Fear               Hex            1%         N/A       90%         4
 Discord                  Hex            1%         N/A       100%        8


Dungeon Overview and Level Annotations

Branches:
Dungeon (3/15)

Altars:


Innate Abilities, Weirdness & Mutations

You have extremely sharp teeth.
When hurt, damage is shared between your health and your magic reserves.
Your bite disrupts and absorbs the magic of your enemies.
Potions cannot restore your health.


Message History

You closely miss the jackal. The jackal bites you.
You hit the jackal.
You kill the jackal!
The jackal bites you but does no damage.
You barely miss the jackal. You bite the jackal. You drain its power.
You feel invigorated.
The jackal is lightly wounded.
The jackal bites you.
You hit the jackal.
You kill the jackal!
The worm closely misses you.
Things that are here:
a jackal corpse; a jackal corpse You barely miss the worm.
Aiming: Sandblast (safe; 4% risk of failure)
Press: ? - help, Q - select action Shift-Dir - straight line, f - worm
Aim: a worm (94% to hit)
The blast of sand hits the worm.
The worm is moderately wounded.
The worm closely misses you.
Aiming: Sandblast (safe; 4% risk of failure)
Press: ? - help, Q - select action Shift-Dir - straight line, f/p - worm
Aim: a worm (lightly wounded, 94% to hit)
The blast of sand misses the worm.
The worm barely misses you.
Aiming: Sandblast (safe; 4% risk of failure)
Press: ? - help, Q - select action Shift-Dir - straight line, f/p - worm
Aim: a worm (lightly wounded, 94% to hit)
The blast of sand hits the worm.
The worm is moderately wounded.
The worm bites you.
Aiming: Sandblast (safe; 4% risk of failure)
Press: ? - help, Q - select action Shift-Dir - straight line, f/p - worm
Aim: a worm (moderately wounded, 94% to hit)
The blast of sand misses the worm.
The worm bites you!
You hit the worm.
The worm is moderately wounded.
The worm bites you!
You die...

#..........
#.........#
....#.....
#........#
#.....w..#
#........#
########.# #w#
#@###### #.##...##
#####.#.###.#
#.......# #.##
#.###...###..#
##...#...#.#
#....†#.##.###
##...##......#
##.######.#>#######


You could see a worm.

Vanquished Creatures
  An adder (D:2)
  A dart slug (D:1)
  3 ball pythons
  3 bats (D:1)
  2 endoplasms
  2 giant cockroaches
  3 hobgoblins (D:1)
  8 jackals
  2 quokkas
  A frilled lizard (D:1)
  A goblin (D:2)
  2 rats
29 creatures vanquished.

Notes
Turn   | Place    | Note
-------+----------+-------------------------------------------
     0 | D:1      | DeathPants the Vine Stalker Earth Elementalist began the
                  | quest for the Orb.
     0 | D:1      | Reached XP level 1. HP: 9/9 MP: 4/4
   204 | D:1      | Reached XP level 2. HP: 14/14 MP: 3/6
   708 | D:1      | Reached XP level 3. HP: 17/17 MP: 7/7
  1198 | D:2      | Reached skill level 1 in Fighting
  1340 | D:2      | Learned a level 3 spell: Stone Arrow
  1451 | D:2      | Slain by a worm

Illustrated notes

Levels and vault maps discovered:
D:1:      scummos_arrival_simple_fountains, layout_basic
D:2:      layout_loops_corners, basic_altar, chequers_serial_rivers_large_b
D:3:      layout_loops_cross, nicolae_uskayaw_en_pointe

Skill      XL: |  1  2  3 |
---------------+----------+-----
Fighting       | 1 |  1.1
Dodging        | |  1.5
Stealth        | |  2.4
Spellcasting   | |  2.8
Conjurations   | |  0.2
Transmutations | |  1.7
Earth Magic    | |  3.4

Action                     || total
---------------------------++-------
  Melee: Unarmed           ||     3
         Bite              ||    16
         Short sword       ||    73
         Punch             ||     1
   Cast: Sandblast         ||    19
   Stab: Sleeping          ||     4
 Armour: Robe              ||    17
  Dodge: Dodged            ||    60

Table legend: (Time is in decaauts)
 A = Elapsed time spent in this place.
 B = Non-inter-level travel time spent in this place.
 C = Inter-level travel time spent in this place.
 D = Time resting spent in this place.
 E = Time spent auto-exploring this place.
 F = Levels seen in this place.
 G = Mean time per level.
                   A        B        C        D        E       F      G
               +--------+--------+--------+--------+--------+-----+--------+
         Total |   1460 |   1438 |     22 |      0 |   1061 |   3 |  486.7 |
       Dungeon |   1460 |   1438 |     22 |      0 |   1061 |   3 |  486.7 |
               +--------+--------+--------+--------+--------+-----+--------+

Top non-repeatable levels by time:
     D:1: 1165 daAuts
     D:2: 293 daAuts
     D:3: 1 daAuts
